MLB
MINNESOTA TWINS @ CLEVELAND INDIANS
06/17/2018
 
TOP OF THE 1ST
Minnesota Twins batting - Pitching for Cleveland Indians : RHP Jimmy Nelson
Pitching: RHP Jimmy Nelson
Batting: RHB Ian Kinsler 0-0: Ball
1-0: Ball
2-0: Ground out 1-3 (Groundball, P)
Batting: RHB Whit Merrifield 0-0: Fly out, F9 (Flyball, 89S)
Batting: LHB Freddie Freeman 0-0: Called Strike
0-1: Ball
1-1: Ball
2-1: Foul Ball, location: 2F
2-2: SINGLE (Line Drive, 8RS)
Batting: RHB Avisail Garcia 0-0: Ball
1-0: Fielders Choice at 2nd, 5-4 (Groundball, 56)
Top of the 1st over - 0 runs, 1 hit, 0 errors, 1 left on base; Minnesota 0 - Cleveland 0
BOTTOM OF THE 1ST
Cleveland Indians batting - Pitching for Minnesota Twins : LHP Tanner Scott
Pitching: LHP Tanner Scott
Batting: SHB Jose Ramirez 0-0: Ball
1-0: SINGLE (Line Drive, 34D)
Batting: RHB Marcus Semien 0-0: Ball
1-0: Grounds into double play, 5-4-3 (Groundball, 56)
Batting: LHB Christian Yelich 0-0: Ball
1-0: Foul Ball, location: 2F
1-1: Ball
2-1: DOUBLE (Flyball, 89XD)
Batting: RHB Steven Souza Jr. 0-0: Ground out 6-3 (Groundball, 56)
Bottom of the 1st over - 0 runs, 2 hits, 0 errors, 1 left on base; Minnesota 0 - Cleveland 0
TOP OF THE 2ND
Minnesota Twins batting - Pitching for Cleveland Indians : RHP Jimmy Nelson
Batting: LHB Adam Lind 0-0: SINGLE (Groundball, 4D)
Batting: RHB Maikel Franco 0-0: Ball
1-0: Ball
2-0: Ball
3-0: Swinging Strike
3-1: Called Strike
3-2: Base on Balls
Adam Lind to second
Batting: RHB Adam Jones 0-0: Fly out, F8 (Line Drive, 8RD)
Batting: RHB Chris Iannetta 0-0: Ball
1-0: Called Strike
1-1: Called Strike
1-2: Foul Ball, location: 2F
1-2: Grounds into double play, 3-6-3 (Groundball, 34)
Top of the 2nd over - 0 runs, 1 hit, 0 errors, 1 left on base; Minnesota 0 - Cleveland 0
BOTTOM OF THE 2ND
Cleveland Indians batting - Pitching for Minnesota Twins : LHP Tanner Scott
Batting: LHB Eric Hosmer 0-0: Ball
1-0: SINGLE (Line Drive, 4MD)
Batting: LHB Matt Carpenter 0-0: Swinging Strike
0-1: Ball
1-1: Called Strike
1-2: Foul Ball, location: 2F
1-2: Ball
2-2: Foul Ball, location: 2F
2-2: Foul Ball, location: 2F
2-2: Foul Ball, location: 2F
2-2: Ball
3-2: SINGLE (Groundball, 34D)
Eric Hosmer to second
Eric Hosmer to third
Batting: RHB Jung-ho Kang 0-0: Ball
1-0: Ball
2-0: Ball
3-0: Base on Balls
Matt Carpenter to second
Batting: RHB Mitch Garver 0-0: Ball
1-0: SINGLE (Line Drive, 8LS)
Eric Hosmer scores
Matt Carpenter to third
Jung-ho Kang to second
Batting: LHB Jacoby Ellsbury 0-0: Foul Ball, location: 2F
0-1: Foul Ball, location: 2F
0-2: Foul Ball, location: 2F
0-2: Foul Ball, location: 2F
0-2: Foul Ball, location: 2F
0-2: Ball
1-2: Strikes out swinging
Batting: SHB Jose Ramirez 0-0: Ball
1-0: Foul Ball, location: 2F
1-1: Fly out, F8 (Flyball, 8RM)
Runner from 3rd tags up, SCORES, throw by CF
Batting: RHB Marcus Semien 0-0: Ball
1-0: Swinging Strike
1-1: Ball
2-1: Fly out, F4 (Popup, 34)
Bottom of the 2nd over - 2 runs, 3 hits, 0 errors, 2 left on base; Minnesota 0 - Cleveland 2
TOP OF THE 3RD
Minnesota Twins batting - Pitching for Cleveland Indians : RHP Jimmy Nelson
Batting: LHB Eric Sogard 0-0: Ball
1-0: Foul Ball, location: 2F
1-1: Ball
2-1: Ground out 6-3 (Groundball, 6)
Batting: RHB Ian Kinsler 0-0: Called Strike
0-1: Foul Ball, location: 2F
0-2: Ground out 5-3 (Groundball, 56S)
Batting: RHB Whit Merrifield 0-0: Called Strike
0-1: Ball
1-1: Ground out 4-3 (Groundball, 4)
Top of the 3rd over - 0 runs, 0 hits, 0 errors, 0 left on base; Minnesota 0 - Cleveland 2
BOTTOM OF THE 3RD
Cleveland Indians batting - Pitching for Minnesota Twins : LHP Tanner Scott
Batting: LHB Christian Yelich 0-0: Foul Ball, location: 2F
0-1: Ball
1-1: Ball
2-1: Called Strike
2-2: Strikes out looking
Batting: RHB Steven Souza Jr. 0-0: Swinging Strike
0-1: Foul Ball, location: 2F
0-2: Ball
1-2: Ball
2-2: Strikes out swinging
Batting: LHB Eric Hosmer 0-0: Ball
1-0: Ball
2-0: Ball
3-0: Called Strike
3-1: Base on Balls
Batting: LHB Matt Carpenter 0-0: Foul Ball, location: 2F
0-1: Fly out, F9 (Flyball, 89M)
Bottom of the 3rd over - 0 runs, 0 hits, 0 errors, 1 left on base; Minnesota 0 - Cleveland 2
TOP OF THE 4TH
Minnesota Twins batting - Pitching for Cleveland Indians : RHP Jimmy Nelson
Batting: LHB Freddie Freeman 0-0: Foul Ball, location: 2F
0-1: Ball
1-1: Ball
2-1: Foul Ball, location: 2F
2-2: Ball
3-2: Fly out, F9 (Flyball, 9)
Batting: RHB Avisail Garcia 0-0: Ground out 6-3 (Groundball, 6)
Batting: LHB Adam Lind 0-0: Ball
1-0: Called Strike
1-1: Ball
2-1: Foul Ball, location: 2F
2-2: Ground out 2-3 (Groundball, 15S)
Top of the 4th over - 0 runs, 0 hits, 0 errors, 0 left on base; Minnesota 0 - Cleveland 2
BOTTOM OF THE 4TH
Cleveland Indians batting - Pitching for Minnesota Twins : LHP Tanner Scott
Batting: RHB Jung-ho Kang 0-0: Called Strike
0-1: Fly out, F8 (Flyball, 8LD)
Batting: RHB Mitch Garver 0-0: Called Strike
0-1: Ground out U3 (Groundball, 34)
Batting: LHB Jacoby Ellsbury 0-0: Foul Ball, location: 2F
0-1: Ball
1-1: Called Strike
1-2: Fly out, F7 (Flyball, 7D)
Bottom of the 4th over - 0 runs, 0 hits, 0 errors, 0 left on base; Minnesota 0 - Cleveland 2
TOP OF THE 5TH
Minnesota Twins batting - Pitching for Cleveland Indians : RHP Jimmy Nelson
Batting: RHB Maikel Franco 0-0: Called Strike
0-1: Swinging Strike
0-2: Ball
1-2: SINGLE (Groundball, 56D)
Batting: RHB Adam Jones 0-0: Ball
1-0: Ball
2-0: Called Strike
2-1: Fly out, F3 (Popup, 23F)
Batting: RHB Chris Iannetta 0-0: Ball
1-0: Ball
2-0: Called Strike
2-1: Foul Ball, location: 2F
2-2: Strikes out swinging
Batting: LHB Eric Sogard 0-0: Called Strike
0-1: Ball
1-1: Ball
2-1: Fielders Choice at 2nd, U4 (Groundball, 4M)
Top of the 5th over - 0 runs, 1 hit, 0 errors, 1 left on base; Minnesota 0 - Cleveland 2
BOTTOM OF THE 5TH
Cleveland Indians batting - Pitching for Minnesota Twins : LHP Tanner Scott
Batting: SHB Jose Ramirez 0-0: Ball
1-0: Foul Ball, location: 2F
1-1: Ball
2-1: Foul Ball, location: 2F
2-2: Ball
3-2: Base on Balls
Batting: RHB Marcus Semien 0-0: Swinging Strike
0-1: Called Strike
0-2: Ball
1-2: Strikes out swinging
Batting: LHB Christian Yelich 0-0: Ball
1-0: Swinging Strike
1-1: Ball
2-1: Fly out, F8 (Flyball, 8LM)
Batting: RHB Steven Souza Jr. 0-0: Called Strike
0-1: Foul Ball, location: 2F
0-2: Ball
1-2: Ball
2-2: Foul Ball, location: 2F
2-2: Ball
3-2: Foul Ball, location: 2F
3-2: Ground out 6-3 (Groundball, 6MS)
Bottom of the 5th over - 0 runs, 0 hits, 0 errors, 1 left on base; Minnesota 0 - Cleveland 2
TOP OF THE 6TH
Minnesota Twins batting - Pitching for Cleveland Indians : RHP Jimmy Nelson
Batting: RHB Ian Kinsler 0-0: Ball
1-0: Called Strike
1-1: Called Strike
1-2: Reached on error, E5 (Groundball, 56)
Batting: RHB Whit Merrifield 0-0: Called Strike
0-1: Ball
1-1: Ball
2-1: Swinging Strike
2-2: Strikes out swinging
Batting: LHB Freddie Freeman 0-0: Ball
1-0: Ball
2-0: 2-RUN HOME RUN (Flyball, 7LD), Distance : 340 ft
Batting: RHB Avisail Garcia 0-0: Ball
1-0: Ball
2-0: Ball
3-0: Called Strike
3-1: Foul Ball, location: 2F
3-2: Base on Balls
Batting: LHB Adam Lind 0-0: Ball
1-0: Called Strike
1-1: Fly out, F9 (Flyball, 9S)
Batting: RHB Maikel Franco 0-0: Ball
1-0: Fly out, F7 (Line Drive, 7)
Top of the 6th over - 2 runs, 1 hit, 1 error, 1 left on base; Minnesota 2 - Cleveland 2
BOTTOM OF THE 6TH
Cleveland Indians batting - Pitching for Minnesota Twins : LHP Tanner Scott
Pitching: LHP Bobby Poyner
Batting: LHB Eric Hosmer 0-0: Ball
1-0: Ball
2-0: Foul Ball, location: 2F
2-1: Ball
3-1: Foul Ball, location: 2F
3-2: Fly out, F5 (Popup, 6)
Batting: LHB Matt Carpenter 0-0: Ball
1-0: Ball
2-0: Ball
3-0: Called Strike
3-1: Foul Ball, location: 2F
3-2: Ground out 4-3 (Groundball, 34)
Batting: RHB Jung-ho Kang 0-0: Ball
1-0: Fly out, F9 (Flyball, 9LSF)
Bottom of the 6th over - 0 runs, 0 hits, 0 errors, 0 left on base; Minnesota 2 - Cleveland 2
TOP OF THE 7TH
Minnesota Twins batting - Pitching for Cleveland Indians : RHP Jimmy Nelson
Batting: RHB Adam Jones 0-0: Ball
1-0: Ball
2-0: Called Strike
2-1: Fly out, F2 (Popup, 2L)
Batting: RHB Chris Iannetta 0-0: Called Strike
0-1: Ball
1-1: Ball
2-1: Foul Ball, location: 2F
2-2: Foul Ball, location: 2F
2-2: Ball
3-2: Ground out 5-3 (Groundball, 56)
Batting: LHB Eric Sogard 0-0: Swinging Strike
0-1: Ground out 6-3 (Groundball, 6D)
Top of the 7th over - 0 runs, 0 hits, 0 errors, 0 left on base; Minnesota 2 - Cleveland 2
BOTTOM OF THE 7TH
Cleveland Indians batting - Pitching for Minnesota Twins : LHP Bobby Poyner
Batting: RHB Mitch Garver 0-0: Ball
1-0: Fly out, F9 (Line Drive, 9)
Batting: LHB Jacoby Ellsbury 0-0: Ball
1-0: Foul Ball, location: 2F
1-1: Ball
2-1: Foul Ball, location: 2F
2-2: Foul Ball, location: 2F
2-2: Strikes out swinging
Batting: SHB Jose Ramirez 0-0: Foul Ball, location: 2F
0-1: Ball
1-1: Foul Ball, location: 2F
1-2: Fly out, F7 (Flyball, 7)
Bottom of the 7th over - 0 runs, 0 hits, 0 errors, 0 left on base; Minnesota 2 - Cleveland 2
TOP OF THE 8TH
Minnesota Twins batting - Pitching for Cleveland Indians : RHP Jimmy Nelson
Pitching: RHP David Hernandez
Batting: RHB Ian Kinsler 0-0: Foul Ball, location: 2F
0-1: Ball
1-1: SINGLE (Line Drive, 9S)
Batting: RHB Whit Merrifield 0-0: Foul Ball, location: 2F
0-1: Foul Ball, location: 2F
0-2: Grounds into double play, 4-6-3 (Groundball, 4S)
Batting: LHB Freddie Freeman 0-0: SINGLE (Groundball, 6MD)
Batting: RHB Avisail Garcia 0-0: Called Strike
0-1: Ball
1-1: Foul Ball, location: 2F
1-2: Ball
2-2: Ball
3-2: Fly out, F7 (Flyball, 7S)
Top of the 8th over - 0 runs, 2 hits, 0 errors, 1 left on base; Minnesota 2 - Cleveland 2
BOTTOM OF THE 8TH
Cleveland Indians batting - Pitching for Minnesota Twins : LHP Bobby Poyner
Pitching: RHP Tommy Kahnle
Batting: RHB Marcus Semien 0-0: Foul Ball, location: 2F
0-1: Fly out, F7 (Flyball, 7S)
Batting: LHB Christian Yelich 0-0: Ball
1-0: Called Strike
1-1: Ball
2-1: Ball
3-1: Called Strike
3-2: Base on Balls
Batting: RHB Steven Souza Jr. 0-0: Fly out, F6 (Line Drive, 6)
Batting: LHB Eric Hosmer 0-0: Ball
1-0: Foul Ball, location: 2F
1-1: Ball
2-1: Foul Ball, location: 2F
2-2: Strikes out looking
Bottom of the 8th over - 0 runs, 0 hits, 0 errors, 1 left on base; Minnesota 2 - Cleveland 2
TOP OF THE 9TH
Minnesota Twins batting - Pitching for Cleveland Indians : RHP David Hernandez
Pitching: LHP Brett Cecil
Batting: LHB Adam Lind 0-0: Fly out, F8 (Flyball, 89S)
Batting: RHB Maikel Franco 0-0: Called Strike
0-1: Ball
1-1: Ball
2-1: Fly out, F7 (Flyball, 78M)
Batting: RHB Adam Jones 0-0: Ball
1-0: Swinging Strike
1-1: Called Strike
1-2: Foul Ball, location: 2F
1-2: Foul Ball, location: 2F
1-2: Foul Ball, location: 2F
1-2: Strikes out swinging
Top of the 9th over - 0 runs, 0 hits, 0 errors, 0 left on base; Minnesota 2 - Cleveland 2
BOTTOM OF THE 9TH
Cleveland Indians batting - Pitching for Minnesota Twins : RHP Tommy Kahnle
Pitching: RHP A.J. Ramos
Batting: LHB Matt Carpenter 0-0: Ball
1-0: Foul Ball, location: 2F
1-1: Foul Ball, location: 2F
1-2: Foul Ball, location: 2F
1-2: Foul Ball, location: 2F
1-2: Ball
2-2: Ball
3-2: Ground out 4-3 (Groundball, 4)
Batting: RHB Jung-ho Kang 0-0: Swinging Strike
0-1: Ball
1-1: Foul Ball, location: 2F
1-2: Foul Ball, location: 2F
1-2: Strikes out swinging
Pinch Hitting: LHB Brian McCann 0-0: Ground out 6-3 (Groundball, 4)
Bottom of the 9th over - 0 runs, 0 hits, 0 errors, 0 left on base; Minnesota 2 - Cleveland 2
TOP OF THE 10TH
Minnesota Twins batting - Pitching for Cleveland Indians : LHP Brett Cecil
Now at C: Brian McCann
Batting: RHB Chris Iannetta 0-0: Called Strike
0-1: Foul Ball, location: 2F
0-2: Strikes out swinging
Pinch Hitting: RHB Howie Kendrick 0-0: Ground out 6-3 (Groundball, 6)
Batting: RHB Ian Kinsler 0-0: Fly out, F8 (Flyball, 8LXD)
Top of the 10th over - 0 runs, 0 hits, 0 errors, 0 left on base; Minnesota 2 - Cleveland 2
BOTTOM OF THE 10TH
Cleveland Indians batting - Pitching for Minnesota Twins : RHP A.J. Ramos
Pitching: RHP Austin Adams
Now in LF: Howie Kendrick
Batting: LHB Jacoby Ellsbury 0-0: Called Strike
0-1: Foul Ball, location: 2F
0-2: Ball
1-2: Foul Ball, location: 2F
1-2: Ground out 6-3 (Groundball, 4M)
Batting: SHB Jose Ramirez 0-0: Fly out, F8 (Flyball, 8LM)
Batting: RHB Marcus Semien 0-0: DOUBLE (Line Drive, 89D)
Batting: LHB Christian Yelich 0-0: Intentional Walk
Batting: RHB Steven Souza Jr. 0-0: Called Strike
0-1: Ball
1-1: Swinging Strike
1-2: Ball
2-2: Strikes out swinging
Bottom of the 10th over - 0 runs, 1 hit, 0 errors, 2 left on base; Minnesota 2 - Cleveland 2
TOP OF THE 11TH
Minnesota Twins batting - Pitching for Cleveland Indians : LHP Brett Cecil
Batting: RHB Whit Merrifield 0-0: Ball
1-0: Swinging Strike
1-1: Ball
2-1: DOUBLE (Line Drive, 9LM)
Batting: LHB Freddie Freeman 0-0: Ball
1-0: Swinging Strike
1-1: Foul Ball, location: 2F
1-2: Ball
2-2: Strikes out swinging
Batting: RHB Avisail Garcia 0-0: Swinging Strike
0-1: Ball
1-1: DOUBLE (Line Drive, 7LM)
Whit Merrifield scores
Batting: LHB Adam Lind 0-0: Ball
1-0: Ball
2-0: SINGLE (Groundball, 4D)
Avisail Garcia to third
Batting: RHB Maikel Franco 0-0: Foul Ball, location: 2F
0-1: Ball
1-1: SINGLE (Groundball, 56D)
Avisail Garcia scores
Adam Lind to second
Batting: RHB Adam Jones 0-0: Grounds into double play, 6-4-3 (Groundball, 6M)
Top of the 11th over - 2 runs, 4 hits, 0 errors, 1 left on base; Minnesota 4 - Cleveland 2
BOTTOM OF THE 11TH
Cleveland Indians batting - Pitching for Minnesota Twins : RHP Austin Adams
Batting: LHB Eric Hosmer 0-0: Ball
1-0: SINGLE (Line Drive, 89M)
Batting: LHB Matt Carpenter 0-0: Ball
1-0: Ball
2-0: Swinging Strike
2-1: Called Strike
2-2: Foul Ball, location: 2F
2-2: Strikes out looking
Batting: RHB Jung-ho Kang 0-0: Called Strike
0-1: Grounds into double play, 5-4-3 (Groundball, 56)
Bottom of the 11th over - 0 runs, 1 hit, 0 errors, 0 left on base; Minnesota 4 - Cleveland 2
Friday, August 24th, 2018 - OOTP Baseball 19.8 Build 79